Map: Lightshade LE

Players

ViBE - Winner!

  • Race: Zerg Zerg
  • League: Gold
  • Spawn Location: 5:00

anthonyquest

  • Race: Protoss Protoss
  • League: Gold
  • Spawn Location: 11:00

VOD

Have the link to the VOD?

Description

Time

  • Played on: March 23, 2021, 8:41 p.m.
  • Length: 12:34
Show
View Real Time Build Order
Export as new Build Order

ViBE Zerg - Winner!

Build Orders: Hatch First 

Get SALT Encoding   

  12  0:00  Drone  
  13  0:13  Overlord  
  13  0:22  Drone  
  14  0:32  Drone  
  14  0:33  Drone  
  16  0:49  Hatchery  
  15  0:52  Drone  
  15  0:56  Drone  
  17  1:09  Drone  
  18  1:13  Spawning Pool  
  18  1:15  Drone  
  18  1:23  Drone  
  19  1:29  Drone  
  19  1:32  Extractor  
  19  1:55  Overlord  
  19  2:00  Queen x2  
  23  2:01  Drone  
  23  2:02  Drone x2  
  26  2:13  Overlord  
  26  2:16  Drone  
  27  2:24  Drone  
  27  2:25  Drone  
  29  2:39  Drone x2  
  29  2:43  Lair  
  31  2:44  Queen  
  31  2:49  Overlord  
  33  2:52  Drone  
  33  2:57  Drone x2  
  36  3:06  Overlord  
  36  3:08  Drone  
  37  3:15  Drone x6  
  43  3:20  Roach Warren  
  43  3:21  Evolution Chamber  
  41  3:35  Overlord  
  41  3:36  Overlord  
  41  3:37  Drone x2  
  43  3:43  Drone  
  43  3:44  Drone x5  
  49  3:48  Extractor x2  
  49  3:54  Hatchery  
  46  4:03  Zerg Missile Weapons Level 1, Glial Reconstitution  
  46  4:06  Drone x2  
  48  4:18  Roach x4  
  48  4:19  Roach  
  48  4:22  Roach  
  60  4:26  Overlord  
  60  4:27  Overlord  
  60  4:32  Queen  
  62  4:48  Drone x10  
  72  4:55  Drone  
  73  5:00  Drone x2  
  73  5:05  Hydralisk Den  
  73  5:06  Extractor  
  73  5:07  Evolution Chamber  
  72  5:08  Drone  
  73  5:16  Drone x5  
  78  5:27  Drone x5  
  83  5:36  Zerg Ground Armor Level 1  
  83  5:37  Grooved Spines  
  83  5:40  Drone x4  
  87  5:46  Extractor x2  
  87  5:48  Drone x2  
  87  5:57  Hatchery  
  87  6:01  Overlord x5  
  87  6:02  Overlord x2  
  86  6:06  Zerg Missile Weapons Level 2  
  86  6:24  Hydralisk  
  86  6:25  Hydralisk x8  
  104  6:39  Drone x3  
  104  6:43  Hydralisk  
  104  6:44  Hydralisk x3  
  104  6:45  Hydralisk  
  110  6:49  Muscular Augments  
  109  7:04  Hydralisk x6  
  121  7:11  Overlord  
  121  7:15  Drone x4  
  123  7:16  Drone  
  123  7:17  Drone  
  128  7:22  Drone  
  128  7:23  Drone x4  
  132  7:50  Drone  
  132  7:51  Drone x9  
  142  8:00  Extractor  
  142  8:01  Drone x7  
  142  8:02  Extractor  
  147  8:06  Hatchery  
  147  8:09  Infestation Pit  
  145  8:16  Hydralisk x8  
  145  8:17  Overlord  
  156  8:22  Spore Crawler  
  156  8:26  Spore Crawler  
  153  8:29  Spore Crawler  
  153  8:31  Drone  
  153  8:32  Drone  
  153  8:34  Drone x6  
  155  8:37  Drone x4  
  164  8:45  Overlord x4  
  163  9:06  Hatchery  
  162  9:15  Hydralisk x7  
  162  9:16  Hydralisk x7  
  190  9:20  Spine Crawler  
  190  9:22  Spine Crawler x2  
  187  9:24  Spine Crawler x2  
  187  9:26  Spine Crawler  
  187  9:28  Spine Crawler  
  187  9:30  Spine Crawler, Spore Crawler  
  179  9:58  Drone x4  
  179  9:59  Drone x6  
  187  10:28  Overseer x3  
  187  10:31  Hive  
  187  10:45  Spore Crawler  
  187  10:46  Spine Crawler  
  187  10:47  Spine Crawler  
  170  11:10  Extractor x2  
  160  11:12  Drone x2  
  160  11:13  Drone x2  
  160  11:15  Hatchery  
  155  11:21  Hydralisk x7  
  155  11:22  Hydralisk x15  
  197  11:34  Drone  
  197  11:35  Drone x2  
  198  11:54  Spine Crawler  
  198  11:56  Spine Crawler  
  198  11:57  Spore Crawler  
Show
View Real Time Build Order
Export as new Build Order

anthonyquest Protoss 

Build Orders:  

Get SALT Encoding   

  12  0:01  Probe  
  13  0:19  Pylon  
  13  0:20  Probe  
  14  0:37  Gateway  
  14  0:45  Probe (Chrono Boost)  
  15  0:55  Probe (Chrono Boost)  
  16  0:59  Probe (Chrono Boost)  
  17  1:07  Assimilator  
  18  1:11  Probe  
  18  1:12  Gateway  
  18  1:23  Probe  
  19  1:35  Probe  
  19  1:39  Cybernetics Core  
  20  1:46  Assimilator  
  20  1:47  Probe, Pylon  
  21  2:04  Nexus  
  21  2:10  Probe (Chrono Boost)  
  22  2:18  Pylon  
  22  2:21  Probe (Chrono Boost)  
  23  2:25  Stalker  
  25  2:34  Probe  
  26  2:45  Stalker  
  26  2:46  Probe (Chrono Boost)  
  29  2:58  Probe (Chrono Boost)  
  30  3:03  Probe (Chrono Boost)  
  30  3:05  Adept  
  33  3:22  Twilight Council  
  33  3:25  Robotics Facility  
  33  3:28  Probe (Chrono Boost)  
  34  3:36  Stargate  
  34  3:38  Probe (Chrono Boost)  
  35  3:43  Probe (Chrono Boost), Adept  
  38  3:48  Warp Gate  
  38  3:53  Probe (Chrono Boost)  
  40  3:58  Probe (Chrono Boost)  
  40  4:05  Probe (Chrono Boost)  
  40  4:07  Adept  
  44  4:10  Probe x2 (Chrono Boost)  
  44  4:12  Pylon  
  44  4:13  Adept  
  47  4:17  Pylon  
  47  4:19  Probe  
  47  4:23  Observer  
  49  4:28  Probe  
  49  4:31  Probe  
  51  4:32  Assimilator  
  51  4:34  Assimilator  
  51  4:40  Probe  
  51  4:43  Probe, Pylon  
  53  4:46  Shield Battery  
  53  4:48  Gateway  
  53  4:52  Gateway  
  53  4:55  Probe  
  54  5:07  Probe  
  56  5:14  Probe, Forge  
  56  5:15  Forge  
  56  5:19  Probe, Oracle  
  60  5:31  Probe  
  61  5:43  Stalker x2  
  61  5:44  Stalker  
  67  5:56  Oracle  
  70  6:04  Nexus  
  70  6:10  Pylon  
  70  6:14  Pylon  
  64  6:52  Probe  
  63  6:55  Shield Battery  
  63  6:57  Shield Battery, Stalker x4  
  71  7:04  Probe, Photon Cannon  
  71  7:06  Photon Cannon  
  72  7:09  Photon Cannon  
  72  7:11  Photon Cannon  
  72  7:13  Probe, Photon Cannon  
  73  7:16  Probe, Photon Cannon  
  73  7:17  Protoss Ground Weapons Level 1, Protoss Ground Armor Level 1  
  73  7:22  Probe  
  75  7:24  Adept x4  
  75  7:25  Probe  
  75  7:28  Probe  
  85  7:33  Pylon  
  85  7:34  Probe  
  86  7:37  Probe  
  86  7:40  Probe  
  86  7:41  Gateway x2  
  86  7:42  Gateway  
  88  7:46  Probe  
  88  7:48  Assimilator  
  88  7:49  Probe  
  90  7:52  Assimilator  
  90  7:55  Adept x3  
  90  7:56  Adept  
  90  7:57  Resonating Glaives (Chrono Boost)  
  98  8:17  Void Ray (Chrono Boost)  
  98  8:25  Stalker x3  
  98  8:26  Stalker  
  104  8:41  Adept x2  
  108  8:51  Pylon  
  104  9:09  Stargate x2  
  96  10:07  Stalker x3  
  96  10:08  Stalker x3  
  106  10:31  Photon Cannon  
  106  10:33  Photon Cannon  
  106  10:35  Immortal  
  108  10:41  Void Ray  
  108  10:42  Void Ray, Robotics Bay  
  108  10:48  Templar Archives  
  79  11:14  Immortal  
  79  11:18  Zealot x3  
  77  11:19  Zealot x3  
  61  11:33  High Templar  
  63  11:41  High Templar x5  
  63  11:45  Archon x2  
Tags
 
League
GoldGold
Matchup
PvZ
Player
ViBE
Replay Pack
Gold_League
Spawn Locations
Cross Positions
Add a new tag
Caveats
  • Supply blocks, unpowered buildings, or Contaminate may cause inaccurate times.
  • Supply counts are checked every 10 seconds.